 Dungeon Crawl Stone Soup version 0.31-a0-986-g5e6e4ef867 (webtiles) character file.

Game seed: 13739736546986812413

2038 hito the Skirmisher (level 9, -3/62 (68) HPs)
             Began as a Formicid Hunter on Nov 22, 2023.
             Slain by a wight
             ... wielding a +4 trident
              (11 damage)
             ... on level 6 of the Dungeon.
             The game lasted 00:13:03 (5263 turns).

hito the Skirmisher (Formicid Hunter)               Turns: 5263, Time: 00:13:03

HP:   -3/62 (68)    AC: 18    Str: 15    XL:     9   Next: 48%
MP:   9/9           EV: 10    Int: 10    God:
Gold: 287           SH:  0    Dex: 21    Spells: 8/8 levels left

rFire   . . .        a - +0 orcbow
rCold   . . .        (no shield)
rNeg    . . .        s - +4 scale mail {rPois}
rPois   +            (helmet unavailable)
rElec   .            (no cloak)
rCorr   .            (no gloves)
SInv    +            p - +1 pair of boots
Will    .....        (no amulet)
Stlth   +            d - +4 ring of protection
HPRegen 0.30/turn    (no ring)
MPRegen 0.11/turn

%: no passive effects
@: drained
A: permanent stasis, dig shafts and tunnels, antennae 3, four strong arms
a: Dig, Shaft Self


You were on level 6 of the Dungeon.
You visited 1 branch of the dungeon, and saw 6 of its levels.

You collected 287 gold pieces.

Inventory:

Hand Weapons
 a - a +0 orcbow (weapon)
 t - the +4 hand axe "Joennokk" {speed, rCorr Str+5}
   (You found it on level 4 of the Dungeon)

   Str+5:     It affects your strength (+5).
   rCorr:     It protects you from acid and corrosion.
 w - a +2 great sword of freezing
Armour
 p - a +1 pair of boots (worn)
 s - a +4 scale mail of poison resistance (worn)
Jewellery
 d - a +4 ring of protection (left hand)
Wands
 q - a wand of mindburst (6)
 r - a wand of flame (11)
Scrolls
 b - 2 scrolls of butterflies
 e - a scroll of fog {unknown}
 i - 2 scrolls of teleportation {unknown}
 j - 3 scrolls of poison
 k - 2 scrolls of enchant weapon {unknown}
 m - 2 scrolls of noise {unknown}
 u - 2 scrolls of blinking {unknown}
 v - 2 scrolls of amnesia {unknown}
 y - a scroll of identify
 A - a scroll of fear {unknown}
 B - a scroll of silence {unknown}
Potions
 c - 2 potions of mutation {unknown}
 f - 3 potions of curing
 g - a potion of attraction {unknown}
 h - 3 potions of might {unknown}
 l - 2 potions of haste {unknown}
 n - 2 potions of ambrosia {unknown}
 o - 2 potions of degeneration {unknown}
 x - a potion of enlightenment {unknown}
 z - 2 potions of lignification {unknown}


   Skills:
 - Level 5.0 Fighting
 + Level 9.1 Ranged Weapons
 - Level 7.0 Armour
 - Level 1.7 Dodging
 - Level 1.2 Stealth
 - Level 4.0 Evocations


You had 8 spell levels left.
You didn't know any spells.
Your spell library contained the following spells:

 Spells                   Type           Power      Damage    Failure   Level
 Magic Dart               Conj           0%         1d3       77%         1
 Call Imp                 Summ           0%         N/A       88%         2
 Mephitic Cloud           Conj/Pois/Air  0%         N/A       98%         3


Dungeon Overview and Level Annotations

Branches:
Dungeon (6/15)
 Temple: D:4-7

Altars:
Qazlal

Annotations:
D:6 Jeremiah


Innate Abilities, Weirdness & Mutations

You cannot be hasted, slowed, berserked, paralysed or teleported.
You can dig through walls and to a lower floor.
You have a pair of large antennae on your head. (SInv)
Your four strong arms can wield two-handed weapons with a shield.


Message History

The orc warrior hits you but does no damage.
The adder bites you but does no damage.
Fire: a) +0 orcbow
Press: ? - help, Q - select action, (/) - cycle Shift-Dir - straight line, f/p - wight
Aim: a wight, wielding a +4 trident and wearing a +0 ring mail (almost destroyed, 66% to hit)
You shoot an arrow. The arrow barely misses the wight.
The wight hits you but does no damage.
The orc warrior hits you from afar with a +0 trident!
* * * LOW HITPOINT WARNING * * *
The adder closely misses you. The wight hits you but does no damage.
Fire: a) +0 orcbow
Press: ? - help, Q - select action, (/) - cycle Shift-Dir - straight line, f/p - wight
Aim: a wight, wielding a +4 trident and wearing a +0 ring mail (almost destroyed, 66% to hit)
You shoot an arrow.
The arrow hits the wight but does no damage.
The wight is almost destroyed.
The adder barely misses you.
The orc warrior hits you from afar with a +0 trident.
* * * LOW HITPOINT WARNING * * *
The adder bites you but does no damage. The wight hits you with a +4 trident.
* * * LOW HITPOINT WARNING * * *
The orc warrior hits you from afar with a +0 trident.
* * * LOW HITPOINT WARNING * * *
Fire: a) +0 orcbow
Press: ? - help, Q - select action, (/) - cycle Shift-Dir - straight line, f/p - wight
Aim: a wight, wielding a +4 trident and wearing a +0 ring mail (almost destroyed, 66% to hit)
You shoot an arrow. The arrow barely misses the wight.
The adder bites you but does no damage. The wight hits you with a +4 trident.
* * * LOW HITPOINT WARNING * * *
You feel drained.
* * * LOW HITPOINT WARNING * * *
The orc warrior misses you.
Unknown command.
Aiming: Mindburst
Press: ? - help, Shift-Dir - straight line, f/p - wight
Aim: a wight, wielding a +4 trident and wearing a +0 ring mail (almost destroyed, chance to affect: 79%)
The wight barely resists.
The adder bites you.
* * * LOW HITPOINT WARNING * * *
The wight hits you with a +4 trident!
You die...

#...............#
#...............#
##.............##
##.....#.....##
########.....#####
.# ##. ###..zo{..#
.##..<
##oz###.#####....#
##S# #.....#..#
#@#######{..# #.z<#
#...# ###.#####{..#
#...#....######
###..>.{......#
#†.##o!####.#
...................
...........#####.##
.......###.#


You could see an orc warrior, 3 wights, an adder and an orc.

Vanquished Creatures
  A sky beast (D:6)
  3 water moccasins
  2 black bears
  An ice beast (D:5)
  An ogre (D:5)
  A centaur (D:5)
  4 phantoms
  A scorpion (D:5)
  4 wights (D:5)
  A howler monkey (D:6)
  2 hounds (D:5)
  2 jellies
  3 orc priests
  An iguana (D:5)
  Ijyb (D:3)
  2 orc wizards (D:5)
  2 sleepcaps
  A gnoll (D:5)
  10 adders
  A shadow imp (D:5)
  A white imp (D:6)
  2 ufetubi (D:5)
  4 worms
  6 dart slugs
  18 orcs
  2 endoplasms
  3 giant cockroaches
  10 hobgoblins
  13 jackals
  2 quokkas (D:1)
  5 ball pythons
  A bat (D:1)
  6 frilled lizards
  6 goblins
  8 kobolds
  4 rats
135 creatures vanquished.

Notes
Turn   | Place    | Note
-------+----------+-------------------------------------------
     0 | D:1      | hito the Formicid Hunter began the quest for the Orb.
     0 | D:1      | Reached XP level 1. HP: 16/16 MP: 1/1
   131 | D:1      | Reached XP level 2. HP: 22/22 MP: 2/2
   328 | D:1      | Reached XP level 3. HP: 27/27 MP: 3/3
   442 | D:1      | Reached skill level 5 in Ranged Weapons
  1024 | D:2      | Reached XP level 4. HP: 33/33 MP: 4/4
  1205 | D:2      | Noticed a phantom
  1210 | D:2      | Killed a phantom
  1211 | D:2      | Reached skill level 6 in Ranged Weapons
  1211 | D:2      | Reached XP level 5. HP: 36/38 MP: 5/5
  1700 | D:3      | Reached XP level 6. HP: 44/44 MP: 6/6
  1773 | D:3      | Noticed Ijyb
  1818 | D:3      | Killed Ijyb
  1819 | D:3      | Reached skill level 7 in Ranged Weapons
  1905 | D:3      | Reached skill level 1 in Armour
  2317 | D:4      | Noticed a water moccasin
  2335 | D:3      | Reached skill level 1 in Evocations
  2466 | D:4      | Killed a water moccasin
  2467 | D:4      | Reached XP level 7. HP: 42/50 MP: 7/7
  2501 | D:4      | Identified the +4 hand axe "Joennokk" {speed, rCorr Str+5}
  2797 | D:4      | Found a stormy altar of Qazlal.
  2944 | D:5      | Entered Level 5 of the Dungeon
  3195 | D:5      | Reached XP level 8. HP: 50/58 MP: 8/8
  3288 | D:5      | Reached skill level 8 in Ranged Weapons
  4234 | D:5      | Reached skill level 5 in Armour
  4506 | D:5      | Reached skill level 5 in Fighting
  4713 | D:5      | Reached XP level 9. HP: 68/68 MP: 9/9
  5102 | D:6      | Noticed Jeremiah
  5182 | D:6      | Reached skill level 9 in Ranged Weapons
  5263 | D:6      | Slain by a wight

Illustrated notes

Levels and vault maps discovered:
D:1:      roderic_crop_circles_arrival_small, layout_basic, minmay_tromino_v7
D:2:      minmay_recursive_quarters, layout_loops_ring,
          kennysheep_generic_room_3
D:3:      layout_basic, uniq_ijyb
D:4:      layout_rooms, nicolae_qazlal_eye_of_the_storm
D:5:      minmay_razor_zed, layout_loops_corners
D:6:      layout_rooms, uniq_jeremiah

Skill      XL: |  1  2  3  4  5  6  7  8  9 |
---------------+----------------------------+-----
Ranged Weapons | 5 6 7 8 9 |  9.1
Armour         | 2 3 5 7 |  7.0
Evocations     | 2 3 4 |  4.0
Fighting       | 3 5 |  5.0
Dodging        | |  1.7
Stealth        | |  1.2

Action                     |  1- 3 |  4- 6 |  7- 9 || total
---------------------------+-------+-------+-------++-------
   Fire: Shortbow          |    40 |       |       ||    40
         Orcbow            |    43 |   143 |   315 ||   501
  Evoke: Wand              |       |       |     4 ||     4
    Use: Scroll            |       |       |     3 ||     3
 Armour: Leather armour    |     8 |    14 |       ||    22
         Scale mail        |       |    43 |   244 ||   287
         Ring mail         |       |     7 |       ||     7
  Dodge: Dodged            |    14 |    63 |   142 ||   219

Table legend: (Time is in decaauts)
 A = Elapsed time spent in this place.
 B = Non-inter-level travel time spent in this place.
 C = Inter-level travel time spent in this place.
 D = Time resting spent in this place.
 E = Time spent auto-exploring this place.
 F = Levels seen in this place.
 G = Mean time per level.
                   A        B        C        D        E       F      G
               +--------+--------+--------+--------+--------+-----+--------+
         Total |   5416 |   5169 |    247 |    992 |   2992 |   6 |  902.7 |
       Dungeon |   5416 |   5169 |    247 |    992 |   2992 |   6 |  902.7 |
               +--------+--------+--------+--------+--------+-----+--------+

Top non-repeatable levels by time:
     D:5: 2184 daAuts
     D:3: 965 daAuts
     D:2: 830 daAuts
     D:1: 687 daAuts
     D:4: 536 daAuts
     D:6: 212 daAuts
